 Seeded DCSS version 0.30-a0-622-gddc90eaa04 (webtiles) character file.

Game seed: 10247192399490708033 (custom seed)

51 Juicyj the Shield-Bearer (level 3, 0/33 HPs)
             Began as a Minotaur Fighter on Jan 10, 2023.
             Slain by a goblin
             ... wielding a +0 dagger
             ... led by Robin
              (2 damage)
             ... on level 2 of the Dungeon.
             The game lasted 00:00:41 (1154 turns).

Juicyj the Shield-Bearer (Minotaur Fighter)         Turns: 1154, Time: 00:00:41

Health: 0/33       AC:  7    Str: 20    XL:     3   Next: 58%
Magic:  2/2        EV:  9    Int:  5    God:
Gold:   102        SH:  4    Dex: 11    Spells: 2/2 levels left

rFire   . . .      SeeInvis .    a - +0 rapier
rCold   . . .      Faith    .    c - +0 buckler
rNeg    . . .      Spirit   .    b - +0 scale mail
rPois   .          Reflect  .    (helmet restricted)
rElec   .          Harm     .    (no cloak)
rCorr   .          Rampage  .    (no gloves)
Will    .....                    (no boots) Stlth
                                 (no amulet)
HPRegen 0.25/turn                (no ring)
MPRegen 0.08/turn                (no ring)

@: flying
A: horns 2, retaliatory headbutt
a: no special abilities


You were on level 2 of the Dungeon.
You visited 1 branch of the dungeon, and saw 2 of its levels.

You collected 102 gold pieces.

Inventory:

Hand Weapons
 a - a +0 rapier (weapon)
Armour
 b - a +0 scale mail (worn)
 c - a +0 buckler (worn)
Scrolls
 e - a scroll of poison {unknown}
 g - 4 scrolls of amnesia {unknown}
 i - a scroll of teleportation {unknown}
 j - 3 scrolls of vulnerability {unknown}
 l - a scroll of immolation {unknown}
Potions
 d - a potion of might
 h - 3 potions of attraction {unknown}
 k - a potion of mutation {unknown}
 m - a potion of ambrosia {unknown}


   Skills:
 + Level 4.2 Fighting
 + Level 2.9 Short Blades
 + Level 4.1 Armour
 + Level 4.2 Shields


You had 2 spell levels left.
You didn't know any spells.
Your spell library contained the following spells:

 Spells                   Type           Power      Damage    Failure   Level
 Magic Dart               Conj           0%         1d3       89%         1
 Call Imp                 Summ           0%         N/A       96%         2
 Mephitic Cloud           Conj/Pois/Air  0%         N/A       99%         3


Dungeon Overview and Level Annotations

Branches:
Dungeon (2/15)

Altars:

Shops:
D:1 ?

Annotations:
D:2 Robin


Innate Abilities, Weirdness & Mutations

You have a pair of horns on your head.
You reflexively headbutt those who attack you in melee.


Message History

The goblin hits you with a +0 dagger. The goblin closely misses you.
You block the goblin's attack.
You are too injured to fight recklessly!
You barely miss the goblin.
Robin says, "Kneel, worm!"
The goblin hits you with a +0 club. The goblin barely misses you.
The goblin hits you with a +0 dagger.
* * * LOW HITPOINT WARNING * * *
The goblin hits you with a +0 dagger.
* * * LOW HITPOINT WARNING * * *
You are too injured to fight recklessly!
You are too injured to fight recklessly!
You hit the goblin.
You kill the goblin!
The goblin no longer looks unusually strong.
The goblin hits you but does no damage. The goblin hits you with a +0 dagger.
* * * LOW HITPOINT WARNING * * *
The goblin hits you but does no damage.
The goblin no longer looks unusually strong.
Robin throws the goblin at you! The goblin hits you but does no damage.
Items here: )))) ††.
You are too injured to fight recklessly!
It was a potion of flight.
You feel very buoyant.
You fly up into the air.
The goblin no longer looks unusually strong.
The goblin hits you with a +0 club.
* * * LOW HITPOINT WARNING * * *
The goblin barely misses you.
You barely miss the goblin. Your headbutt misses the goblin.
Robin throws the goblin at you!
The goblin hits you but does no damage. x2
You block the goblin's attack.
You hit the goblin.
You kill the goblin!
Robin roars a battlecry!
The goblins go into a battle-frenzy!
The goblin hits you with a +0 club.
* * * LOW HITPOINT WARNING * * *
The goblin hits you with a +0 dagger.
You die...

####.#.# #.#
.......#####.#######
.#..................
.............#######
.#.#...###.#.#####.####
.......................
.#.#..####.#.##.##.####
......# #.#.##g##.#
.#.......#.#...g@)g#
.#.......#.####.##gg......
.........# #.##g.......
####.... ....g.......
###.#.. .............
.#.#.# ###.##........
#)#.# ............ )..# #.
#.......# #.#.#


You could see Robin, a hobgoblin (strong) and 3 goblins.

Vanquished Creatures
  Jessica (D:2)
  An adder (D:2)
  7 goblins
  A hobgoblin (D:2)
  A quokka (D:1)
  2 ball pythons (D:2)
  4 frilled lizards
  A rat (D:2)
18 creatures vanquished.

Notes
Turn   | Place    | Note
-------+----------+-------------------------------------------
     0 | D:1      | Juicyj the Minotaur Fighter began the quest for the Orb.
     0 | D:1      | Reached XP level 1. HP: 19/19 MP: 0/0
   345 | D:1      | Found Osiqugy's Magic Scroll Boutique.
   859 | D:2      | Reached XP level 2. HP: 27/27 MP: 1/1
   896 | D:2      | Noticed Jessica
   902 | D:2      | Killed Jessica
   903 | D:2      | Reached XP level 3. HP: 20/33 MP: 2/2
  1138 | D:2      | Noticed Robin
  1154 | D:2      | Slain by a goblin

Illustrated notes

Levels and vault maps discovered:
D:1:      dpeg_arrival_solitude, layout_loops_corners, serial_shops,
          nicolae_square_shop, chequers_serial_rivers_small_3
D:2:      layout_basic, serial_shops, shop, basic_altar, minmay_circle_x,
          uniq_robin, uniq_jessica, uniq_terence, uniq_sigmund

Skill      XL: |  1  2 |
---------------+-------+-----
Fighting       | 4 |  4.2
Armour         | 4 |  4.1
Shields        | 4 |  4.2
Short Blades   | |  2.9

Action                   || total
-------------------------++-------
Melee: Rapier            ||    48
       Headbutt          ||     5
  Use: Potion            ||     1
Armor: Scale mail        ||    28
Dodge: Dodged            ||    26
Block: Buckler           ||    16

Table legend: (Time is in decaauts)
 A = Elapsed time spent in this place.
 B = Non-inter-level travel time spent in this place.
 C = Inter-level travel time spent in this place.
 D = Time resting spent in this place.
 E = Time spent auto-exploring this place.
 F = Levels seen in this place.
 G = Mean time per level.
                   A        B        C        D        E       F      G
               +--------+--------+--------+--------+--------+-----+--------+
         Total |   1162 |   1075 |     87 |      0 |    960 |   2 |  581.0 |
       Dungeon |   1162 |   1075 |     87 |      0 |    960 |   2 |  581.0 |
               +--------+--------+--------+--------+--------+-----+--------+

Top non-repeatable levels by time:
     D:1: 858 daAuts
     D:2: 304 daAuts
